 Dungeon Crawl Stone Soup version 0.31-a0-1570-g93c622d222 (webtiles) character file.

Game seed: 17484615845234529746

1309 jlumianski the Ruffian (level 8, -3/61 HPs)
             Began as a Gnoll Shapeshifter on Jan 3, 2024.
             Slain by a gnoll
             ... wielding a +0 spear
             ... led by a gnoll bouda
              (5 damage)
             ... while paralysed by a gnoll
             ... on level 6 of the Dungeon.
             The game lasted 00:18:33 (4645 turns).

jlumianski the Ruffian (Gnoll Shapeshifter)         Turns: 4645, Time: 00:18:34

Health: -3/61      AC:  2    Str: 15    XL:     8   Next: 58%
Magic:  13/13      EV:  2    Int:  9    God:
Gold:   56         SH:  0    Dex: 13    Spells: 12/14 levels left

rFire   + .          .
                       - Unarmed
rCold   . . .        (shield currently unavailable)
rNeg    . . .        i - melded +0 chain mail
rPois   .            (no helmet)
rElec   .            (no cloak)
rCorr   .            l - +0 pair of gloves
SInv    .            y - +0 pair of boots
Will    .....        (no amulet)
Stlth   +            p - ring of wizardry
HPRegen 0.30/turn    v - ring of protection from fire
MPRegen 0.13/turn

%: wizardry (x1)
@: paralysed, flux-form, glowing
A: glow, contaminating, fangs 1, strong nose, distributed training, wild magic 1
a: Begin Untransformation


You were on level 6 of the Dungeon.
You were something dangerously unstable.
You visited 1 branch of the dungeon, and saw 6 of its levels.

You collected 121 gold pieces.
You spent 65 gold pieces at shops.

Inventory:

Hand Weapons
 u - a +0 dagger of venom
Missiles
 j - 11 poisoned darts (quivered)
 s - 5 javelins
Armour
 a - a +0 animal skin
 g - a +1 leather armour of willpower
 h - a +0 ring mail
 i - a +0 chain mail (melded)
 l - a +0 pair of gloves (worn)
 y - a +0 pair of boots (worn)
Jewellery
 p - a ring of wizardry (left hand)
 v - a ring of protection from fire (right hand)
Talismans
 c - a beast talisman
 d - a flux talisman (active)
Wands
 n - a wand of roots (7)
 w - a wand of flame (57)
Scrolls
 f - a scroll of vulnerability {unknown}
 k - a scroll of revelation {unknown}
 q - 5 scrolls of teleportation
 r - 2 scrolls of immolation {unknown}
 x - a scroll of blinking
 z - a scroll of fear {unknown}
Potions
 b - a potion of lignification
 e - a potion of mutation
 m - a potion of enlightenment {unknown}
 o - a potion of attraction {unknown}
 t - a potion of degeneration {unknown}


   Skills:
 + Level 4.4 Fighting
 + Level 3.5 Short Blades
 + Level 3.5 Long Blades
 + Level 3.5 Axes
 + Level 3.5 Maces & Flails
 + Level 3.5 Polearms
 + Level 3.5 Staves
 + Level 3.5 Ranged Weapons
 + Level 3.5 Throwing
 + Level 3.5 Armour
 + Level 5.8 Dodging
 + Level 3.5 Stealth
 + Level 3.5 Shields
 + Level 7.5 Unarmed Combat
 + Level 3.5 Spellcasting
 + Level 2.9 Conjurations
 + Level 2.9 Hexes
 + Level 2.9 Summonings
 + Level 2.9 Necromancy
 + Level 2.9 Translocations
 + Level 2.9 Fire Magic
 + Level 2.9 Ice Magic
 + Level 2.9 Air Magic
 + Level 2.9 Earth Magic
 + Level 2.9 Alchemy
 + Level 3.9 Invocations
 + Level 3.5 Evocations
 + Level 7.3 Shapeshifting


You had 12 spell levels left.
You knew the following spells:

 Your Spells              Type           Power      Damage    Failure   Level
a - Sting                 Conj/Alch      32%        1d5       5%          1
b - Necrotise             Necr           32%        1d5       5%          1

Your spell library contained the following spells:

 Spells                   Type           Power      Damage    Failure   Level
 Apportation              Tloc           16%        N/A       5%          1
 Summon Small Mammal      Summ           32%        N/A       5%          1
 Mercury Vapours          Alch/Air       16%        N/A       8%          2
 Mephitic Cloud           Conj/Alch/Air  8%         N/A       14%         3
 Summon Ice Beast         Ice/Summ       8%         N/A       14%         3
 Freezing Cloud           Conj/Ice/Air   4%         6-21      71%         5
 Summon Mana Viper        Hex/Summ       8%         N/A       71%         5
 Monstrous Menagerie      Summ           4%         N/A       100%        7


Dungeon Overview and Level Annotations

Branches:
Dungeon (6/15)
 Temple: D:4-7

Altars:
Vehumet

Shops:
D:2 :   D:4 [   D:5 ?


Innate Abilities, Weirdness & Mutations

You are something dangerously unstable.
You glow with magical radiation, making you easy to see and hit.
Foes you strike become dangerously contaminated with magical radiation.
You are incapable of wielding weapons or throwing items.
You have very sharp teeth.
Your uncanny sense of smell can sniff out nearby items.
Your experience applies equally to all skills.
Your spells are a little harder to cast, but a little more powerful.


Message History

You hit the gnoll bouda but do no damage.
The gnoll bouda begins to glow.
The gnoll bouda hits you with a +0 whip.
A gnoll comes into view.
It is wielding a +0 spear and carrying a wand of paralysis.
The gnoll closely misses you. The gnoll hits you with a +0 spear!
The gnoll bouda misses you. The gnoll closely misses you.
You hit the gnoll bouda but do no damage.
The gnoll bouda glows dangerously bright.
The gnoll bouda misses you. The gnoll barely misses you.
You hit the gnoll bouda but do no damage.
The gnoll bouda shudders as magic cascades through it!
The gnoll bouda twists and deforms.
The gnoll bouda is heavily wounded.
The gnoll bouda hits you with a +0 whip.
The gnoll barely misses you.
You punch the gnoll bouda!
The gnoll bouda begins to glow.
You bite the gnoll bouda, but do no damage.
The gnoll bouda is almost dead.
The gnoll bouda hits you with a +0 whip!
The gnoll misses you.
The gnoll shouts!
You hit the gnoll bouda.
You kill the gnoll bouda!
The gnoll closely misses you. The gnoll misses you.
Things that are here:
9 gold pieces; a +0 whip; a +0 robe The gnoll is no longer moving quickly.
The gnoll hits you from afar with a +0 spear.
The gnoll zaps a wand.
You suddenly lose the ability to move!
The gnoll hits you from afar with a +0 spear.
* * * LOW HITPOINT WARNING * * *
The gnoll hits you from afar with a +0 spear.
* * * LOW HITPOINT WARNING * * *
The gnoll hits you from afar with a +0 spear.
* * * LOW HITPOINT WARNING * * *
The gnoll hits you from afar with a +0 spear.
* * * LOW HITPOINT WARNING * * *
The gnoll hits you from afar with a +0 spear.
You die...

.... .# ....##.##
##..##. #........
#....☼. .....#.#
#...○.. #.....#
##..°°.. #....## .
#.°§....##..#..#.#
#..)§....$gg......
...######..#.#.##
###.######p.......
#......<..>...####
#..#######.####
#.. #.# #.. #.#
#.. #.# #.. ...
#(. ... #.. .$.


You could see 2 gnolls.

Vanquished Creatures
  Sigmund (D:4)
  Edmund (D:5)
  An ice beast (D:4)
  A black bear (D:3)
  A sky beast (D:6)
  A bullfrog (D:4)
  Blork the orc (D:4)
  A scorpion (D:4)
  A howler monkey (D:4)
  2 jellies
  An orc priest (D:3)
  2 gnoll boudas
  2 iguanas (D:5)
  Jessica (D:3)
  Ijyb (D:3)
  Terence (D:3)
  An orc wizard (D:3)
  7 adders
  5 gnolls
  A dart slug (D:4)
  2 ribbon worms
  4 orcs
  7 endoplasms
  11 giant cockroaches
  6 goblins
  10 hobgoblins
  8 jackals
  3 kobolds
  6 quokkas
  3 ball pythons
  6 bats
  2 frilled lizards
  5 rats
106 creatures vanquished.

Notes
Turn   | Place    | Note
-------+----------+-------------------------------------------
     0 | D:1      | jlumianski the Gnoll Shapeshifter began the quest for the
                  | Orb.
     0 | D:1      | Reached XP level 1. HP: 17/17 MP: 1/1
   150 | D:2      | Reached XP level 2. HP: 21/23 MP: 2/2
   399 | D:2      | Reached XP level 3. HP: 28/28 MP: 3/3
   446 | D:2      | Reached skill level 1 in Invocations
   460 | D:2      | Gained mutation: Your spells are a little harder to cast,
                  | but a little more powerful. [potion of mutation]
   487 | D:3      | Noticed Ijyb
   799 | D:3      | Noticed Terence
   807 | D:3      | Killed Terence
   808 | D:3      | Reached skill level 1 in Short Blades
   808 | D:3      | Reached skill level 1 in Long Blades
   808 | D:3      | Reached skill level 1 in Axes
   808 | D:3      | Reached skill level 1 in Maces & Flails
   808 | D:3      | Reached skill level 1 in Polearms
   808 | D:3      | Reached skill level 1 in Staves
   808 | D:3      | Reached skill level 1 in Ranged Weapons
   808 | D:3      | Reached skill level 1 in Throwing
   808 | D:3      | Reached skill level 1 in Armour
   808 | D:3      | Reached skill level 1 in Stealth
   808 | D:3      | Reached skill level 1 in Shields
   808 | D:3      | Reached skill level 1 in Spellcasting
   808 | D:3      | Reached skill level 1 in Evocations
   808 | D:3      | Reached XP level 4. HP: 34/34 MP: 5/5
  1002 | D:3      | Reached skill level 1 in Conjurations
  1002 | D:3      | Reached skill level 1 in Hexes
  1002 | D:3      | Reached skill level 1 in Summonings
  1002 | D:3      | Reached skill level 1 in Necromancy
  1002 | D:3      | Reached skill level 1 in Translocations
  1002 | D:3      | Reached skill level 1 in Fire Magic
  1002 | D:3      | Reached skill level 1 in Ice Magic
  1002 | D:3      | Reached skill level 1 in Air Magic
  1002 | D:3      | Reached skill level 1 in Earth Magic
  1002 | D:3      | Reached skill level 1 in Alchemy
  1105 | D:3      | Killed Ijyb
  1114 | D:3      | Reached XP level 5. HP: 21/40 MP: 5/7
  1315 | D:2      | Found Veuffat's Book Boutique.
  2672 | D:3      | Noticed Jessica
  2675 | D:3      | Killed Jessica
  2879 | D:5      | Entered Level 5 of the Dungeon
  2887 | D:5      | Noticed an ice beast
  2907 | D:4      | Killed an ice beast
  2908 | D:4      | Reached skill level 5 in Dodging
  2908 | D:4      | Reached XP level 6. HP: 47/47 MP: 7/9
  2938 | D:5      | Found The Oracle's Delphic Readings.
  2944 | D:5      | Bought a scroll of teleportation for 39 gold pieces
  2944 | D:5      | Bought a scroll of identify for 26 gold pieces
  2984 | D:4      | Noticed a black bear
  3075 | D:3      | Learned a level 1 spell: Sting
  3077 | D:3      | Learned a level 1 spell: Necrotise
  3087 | D:3      | Killed a black bear
  3088 | D:3      | Reached XP level 7. HP: 41/52 MP: 8/10
  3355 | D:5      | Noticed Blork the orc
  3469 | D:4      | Noticed Sigmund
  3641 | D:4      | Killed Sigmund
  3642 | D:4      | Reached XP level 8. HP: 40/60 MP: 10/12
  3778 | D:4      | Found Hoirr's Armour Boutique.
  3956 | D:4      | Killed Blork the orc
  4161 | D:5      | Noticed Edmund
  4176 | D:5      | Killed Edmund
  4293 | D:6      | Found a radiant altar of Vehumet.
  4642 | D:6      | Paralysed by a gnoll for 5 turns
  4645 | D:6      | HP: 2/61 [gnoll/+0 spear[a gnoll bouda] (5)]
  4645 | D:6      | Slain by a gnoll

Illustrated notes

Levels and vault maps discovered:
D:1:      dpeg_chamrin_arrival_tetris, layout_loops_corners, serial_forest,
          infiniplex_forest_lined_3, infiniplex_forest_lined_room_2,
          infiniplex_forest_clump_tiny, infiniplex_forest_clump_diagonal,
          infiniplex_forest_zigzag_2, infiniplex_forest_diagonal,
          hangedman_abyss_or_decor_lesser_grid, minmay_misc_feat_ornament,
          chequers_serial_rivers_room_b, chequers_serial_rivers_micro_b
D:2:      minmay_roachtagon, layout_basic, serial_shops,
          nicolae_shop_real_fake_doors
D:3:      layout_loops_ring, gup_sewer_entry_bowl,
          minmay_misc_feat_four_crosses, st_stairs_2, minmay_misc_feat_room,
          columned_hall_lemuel, nicolae_elevator_lobby_asterisk, uniq_ijyb,
          uniq_jessica, uniq_terence
D:4:      layout_loops_ring, serial_shops, nicolae_square_shop, uniq_sigmund
D:5:      layout_loops_ring, nicolae_nh_oracle_at_delphi, uniq_blork_the_orc,
          uniq_edmund
D:6:      layout_loops_ring, fiery_altar_vehumet

Skill      XL: |  1  2  3  4  5  6  7 |
---------------+----------------------+-----
Invocations    | 1 2 3 |  3.9
Short Blades   | 1 2 3 |  3.5
Long Blades    | 1 2 3 |  3.5
Axes           | 1 2 3 |  3.5
Maces & Flails | 1 2 3 |  3.5
Polearms       | 1 2 3 |  3.5
Staves         | 1 2 3 |  3.5
Ranged Weapons | 1 2 3 |  3.5
Throwing       | 1 2 3 |  3.5
Armour         | 1 2 3 |  3.5
Stealth        | 1 2 3 |  3.5
Shields        | 1 2 3 |  3.5
Spellcasting   | 1 2 3 |  3.5
Evocations     | 1 2 3 |  3.5
Conjurations   | 1 2 |  2.9
Hexes          | 1 2 |  2.9
Summonings     | 1 2 |  2.9
Necromancy     | 1 2 |  2.9
Translocations | 1 2 |  2.9
Fire Magic     | 1 2 |  2.9
Ice Magic      | 1 2 |  2.9
Air Magic      | 1 2 |  2.9
Earth Magic    | 1 2 |  2.9
Alchemy        | 1 2 |  2.9
Fighting       | 3 4 |  4.4
Dodging        | 5 |  5.8
Unarmed Combat | 7 |  7.5
Shapeshifting  | 7 |  7.3

Action                     |  1- 3 |  4- 6 |  7- 9 || total
---------------------------+-------+-------+-------++-------
  Melee: Unarmed           |    55 |   104 |   125 ||   284
         Bite              |     4 |    13 |    24 ||    41
         Punch             |     3 |     2 |       ||     5
  Throw: Dart              |     6 |       |       ||     6
   Cast: Sting             |       |     1 |    27 ||    28
  Evoke: Wand              |       |     2 |       ||     2
    Use: Scroll            |     1 |       |     1 ||     2
         Potion            |     1 |       |     1 ||     2
 Armour: Animal skin       |     7 |       |       ||     7
         Chain mail        |    18 |    59 |       ||    77
         Ring mail         |     2 |       |       ||     2
         Skin              |       |     6 |    65 ||    71
  Dodge: Dodged            |    32 |    69 |    89 ||   190
   Form: Flux              |       |     1 |       ||     1

Table legend: (Time is in decaauts)
 A = Elapsed time spent in this place.
 B = Non-inter-level travel time spent in this place.
 C = Inter-level travel time spent in this place.
 D = Time resting spent in this place.
 E = Time spent auto-exploring this place.
 F = Levels seen in this place.
 G = Mean time per level.
                   A        B        C        D        E       F      G
               +--------+--------+--------+--------+--------+-----+--------+
         Total |   4641 |   4521 |    120 |    651 |   2309 |   6 |  773.5 |
       Dungeon |   4641 |   4521 |    120 |    651 |   2309 |   6 |  773.5 |
               +--------+--------+--------+--------+--------+-----+--------+

Top non-repeatable levels by time:
     D:1: 1073 daAuts
     D:3: 1060 daAuts
     D:4: 1011 daAuts
     D:2: 882 daAuts
     D:5: 558 daAuts
     D:6: 54 daAuts
